 Dungeon Crawl Stone Soup version 0.23-a0-607-g760965b753 (webtiles) character file.

139 Adamkad1 the Shield-Bearer (level 5, -4/28 HPs)
             Began as a Vine Stalker Fighter on Dec 20, 2018.
             Slain by Crazy Yiuf
             ... wielding a +3 quarterstaff of chaos
              (5 damage)
             ... on level 2 of the Dungeon.
             The game lasted 00:02:41 (2204 turns).

Adamkad1 the Shield-Bearer (Vine Stalker Fighter)   Turns: 2204, Time: 00:02:42

Health: -4/28      AC:  6    Str: 19    XL:     5   Next: 22%
Magic:  0/6        EV:  7    Int:  9    God:
Gold:   74         SH:  9    Dex: 13    Spells: 4/4 levels left

rFire    . . .     SeeInvis .   a - +0 war axe
rCold    . . .     Gourm    .   c - +0 shield
rNeg     . . .     Faith    .   b - +0 scale mail
rPois    .         Spirit   +   (no helmet)
rElec    .         Reflect  .   (no cloak)
rCorr    .         Harm     .   (no gloves)
MR       .....                  (no boots)
Stlth    ..........             (no amulet)
HPRegen  0.49/turn              (no ring)
MPRegen  0.10/turn              (no ring)

@: lethally poisoned (-4 -> -5)
A: fangs 2, regeneration 1, magic shield, antimagic bite, no potion heal 3, rot
immunity
a: no special abilities


You were on level 2 of the Dungeon.
You were very hungry.

You visited 1 branch of the dungeon, and saw 2 of its levels.

You collected 74 gold pieces.

Inventory:

Hand Weapons
 a - a +0 war axe (weapon)
Armour
 b - a +0 scale mail (worn)
 c - a +0 shield (worn)
 e - a +0 plate armour
Jewellery
 j - an uncursed amulet of guardian spirit {unknown}
 p - an uncursed amulet of regeneration {unknown}
Wands
 o - a wand of flame (15)
Scrolls
 k - 3 scrolls of remove curse {unknown}
 l - a scroll of identify {unknown}
 m - a scroll of teleportation {unknown}
 n - a scroll of enchant weapon {unknown}
 q - a scroll of amnesia {unknown}
Potions
 d - 2 potions of might
 g - 2 potions of curing
 h - 2 potions of resistance {unknown}
 r - a potion of heal wounds {unknown}
Comestibles
 f - 3 rations


   Skills:
 * Level 3.4 Fighting
 * Level 2.8 Axes
 * Level 3.1 Armour
 * Level 3.4 Shields


You had 4 spell levels left.
You didn't know any spells.
Your spell library was empty.

Dungeon Overview and Level Annotations

Branches:
Dungeon (2/15)

Altars:

Annotations:
D:2 Crazy Yiuf


Innate Abilities, Weirdness & Mutations

You have extremely sharp teeth.
Your natural rate of healing is unusually fast.
When hurt, damage is shared between your health and your magic reserves.
Your bite disrupts and absorbs the magic of your enemies.
Potions cannot restore your health.
You are immune to rotting.


Message History

You feel invigorated.
Crazy Yiuf is heavily wounded.
You feel sick.
Crazy Yiuf yells, "Rot!
Snoogle chair sing."
Crazy Yiuf hits you with a +3 quarterstaff of chaos.
* * * LOW HITPOINT WARNING * * *
You hit Crazy Yiuf but do no damage. You bite Crazy Yiuf. You drain his power.
You feel invigorated.
Crazy Yiuf is heavily wounded.
You feel sick. You block Crazy Yiuf's attack.
Crazy Yiuf hits you with a +3 quarterstaff of chaos.
* * * LOW HITPOINT WARNING * * *
Crazy Yiuf freezes you.
You hit Crazy Yiuf. You bite Crazy Yiuf, but do no damage.
Crazy Yiuf is severely wounded.
* * * LOW HITPOINT WARNING * * *
You feel sick.
Crazy Yiuf says, "Papa!
Blight bush noodlescoop."
Crazy Yiuf hits you with a +3 quarterstaff of chaos.
You die...

...............#
#.#.####.#
.....########.##
#.#.#....# .....###
#.# #.#.#.####
.......# ### #.#.#.#
......## #.#.#.#
......###♣♣♣♣♣
#.#.#.#
......##...♣.♣♣♣ ####
#.#.#.####
...##.......♣..♣#...#
#.........
#####......♣♣♣♣.@g..#
#####.#.## ###
##.#..♣♣ ♣♣#..)#
#.#.# ..# ####♣♣ ####
#.#.# #.# #.#.#
#.#### #.#.# #....#
##### ###.#.# .###.#
#...# #.....# .....#
##.## #.#...# ...###
#.# #.###.#


You could see Crazy Yiuf.

Vanquished Creatures
  Terence (D:2)
  Natasha (twice) (D:2)
  A gnoll (D:2)
  2 adders (D:2)
  3 worms (D:2)
  3 goblins (D:2)
  5 hobgoblins
  2 jackals (D:2)
  A quokka (D:2)
  2 ball pythons
  3 bats
  2 frilled lizards (D:2)
  A kobold (D:2)
  4 rats
32 creatures vanquished.

Notes
Turn   | Place    | Note
-------+----------+-------------------------------------------
     0 | D:1      | Adamkad1 the Vine Stalker Fighter began the quest for the
                  | Orb.
     0 | D:1      | Reached XP level 1. HP: 11/11 MP: 2/2
   665 | D:2      | Reached XP level 2. HP: 16/16 MP: 3/3
   769 | D:2      | Noticed Terence
   783 | D:2      | Killed Terence
   783 | D:2      | Reached XP level 3. HP: 3/20 MP: 1/4
  1349 | D:2      | Found a runed door.
  1397 | D:2      | Noticed Natasha
  1401 | D:2      | Killed Natasha
  1401 | D:2      | Gained mutation: Your natural rate of healing is unusually
                  | fast. [Vine Stalker growth]
  1401 | D:2      | Reached XP level 4. HP: 24/24 MP: 5/5
  1843 | D:2      | Noticed Natasha
  1852 | D:2      | Killed Natasha
  1852 | D:2      | Reached XP level 5. HP: 23/28 MP: 6/6
  2196 | D:2      | Noticed Crazy Yiuf
  2203 | D:2      | HP: 1/28 [Crazy Yiuf/+3 quarterstaff of chaos (2)]
  2204 | D:2      | Slain by Crazy Yiuf

Vault maps used:
D:1:      dpeg_arrival_arbitrary_b
D:2:      cheibrodos_gnoll_hut, uniq_terence, uniq_natasha,
          uniq_crazy_yiuf_cottage

Skill      XL: |  1  2  3 |
---------------+----------+-----
Axes           | 2 |  2.8
Fighting       | 3 |  3.4
Shields        | 3 |  3.4
Armour         | 3 |  3.1

Action                   |  1- 3 |  4- 6 || total
-------------------------+-------+-------++-------
Melee: War axe           |    74 |    47 ||   121
       Bite              |    19 |    17 ||    36
  Eat: Chunk             |     2 |     1 ||     3
Armor: Scale mail        |    22 |    12 ||    34
Dodge: Dodged            |    16 |    14 ||    30
Block: Shield            |    42 |    22 ||    64

Table legend:
 A = Non-vault XP
 B = Vault XP
 C = Vault XP percentage of total XP
 D = Non-vault monster count
 E = Vault monster count
 F = Vault count percentage of total count
                 A         B        C        D         E       F
            +---------+---------+-------+---------+---------+-------
      Total |     109 |      90 |  45.2 |      27 |       5 |  15.6
            +---------+---------+-------+---------+---------+-------
        D:1 |       5 |       0 |   0.0 |       4 |       0 |   0.0
        D:2 |     104 |      90 |  46.4 |      23 |       5 |  17.9
            +---------+---------+-------+---------+---------+-------
